Map: Acropolis LE

Players

puCK (Nina)

  • Race: Protoss Protoss
  • Spawn Location: 5:00

Harstem - Winner!

  • Race: Protoss Protoss
  • Spawn Location: 11:00

VOD

Have the link to the VOD?

Description

Time

  • Played on: Sept. 6, 2019, 4:16 p.m.
  • Length: 23:45
Show
View Real Time Build Order
Export as new Build Order

puCK Protoss 

Build Orders: Oracle Opening 

Get SALT Encoding   

  12  0:00  Probe  
  13  0:12  Probe  
  14  0:18  Pylon  
  14  0:25  Probe  
  15  0:33  Probe  
  15  0:38  Gateway  
  15  0:41  Probe  
  16  0:48  Assimilator  
  17  0:51  Probe  
  17  0:55  Assimilator  
  18  1:02  Probe  
  19  1:08  Gateway  
  19  1:10  Probe  
  20  1:19  Probe  
  20  1:25  Cybernetics Core  
  21  1:29  Probe  
  22  1:35  Pylon  
  22  1:41  Probe  
  23  1:55  Probe  
  24  2:02  Adept x2  
  24  2:06  Warp Gate  
  28  2:12  Pylon, Probe  
  29  2:24  Stargate  
  29  2:35  Stalker  
  29  2:36  Stalker  
  33  3:02  Oracle  
  33  3:03  Nexus  
  36  3:15  Probe  
  37  3:24  Pylon  
  37  3:34  Probe  
  38  3:46  Oracle  
  37  3:49  Probe  
  38  3:56  Twilight Council  
  38  3:57  Pylon  
  38  4:03  Probe  
  39  4:18  Gateway x2  
  39  4:19  Probe x2  
  41  4:28  Probe x2  
  41  4:33  Resonating Glaives  
  41  4:36  Probe  
  41  4:37  Probe  
  45  4:45  Probe  
  45  4:46  Probe  
  45  4:51  Adept x2  
  51  4:58  Probe x2  
  53  5:10  Probe x2  
  53  5:11  Stalker  
  53  5:12  Adept  
  53  5:13  Adept x2  
  63  5:19  Pylon  
  63  5:22  Probe  
  65  5:32  Pylon  
  65  5:34  Adept x3  
  70  5:38  Pylon  
  70  5:39  Adept  
  72  5:57  Pylon, Adept x2  
  72  5:58  Adept  
  78  6:04  Nexus  
  78  6:09  Assimilator  
  78  6:11  Assimilator  
  78  6:15  Adept  
  78  6:17  Adept x2  
  84  6:19  Adept  
  84  6:24  Probe x2  
  88  6:40  Oracle  
  88  6:43  Probe  
  90  6:48  Robotics Facility  
  90  6:52  Probe  
  91  6:55  Probe, Robotics Facility  
  92  7:02  Blink  
  92  7:04  Probe  
  92  7:07  Probe  
  94  7:10  Pylon  
  91  7:16  Stalker x4  
  91  7:17  Probe  
  91  7:20  Probe x2  
  102  7:29  Probe  
  99  7:32  Probe x2  
  99  7:35  Immortal, Pylon  
  99  7:36  Robotics Bay  
  101  7:41  Probe  
  104  7:46  Probe  
  104  7:47  Probe  
  104  7:48  Pylon  
  104  7:50  Observer, Pylon  
  104  7:51  Pylon  
  106  7:53  Probe  
  106  7:58  Probe  
  107  8:10  Stalker x4  
  115  8:13  Disruptor  
  115  8:15  Probe  
  115  8:19  Disruptor  
  110  8:25  Gateway  
  110  8:26  Gateway  
  113  8:34  Shield Battery  
  113  8:35  Shield Battery, Adept x2  
  112  8:45  Stalker x2  
  114  8:48  Probe  
  114  8:49  Disruptor  
  114  8:53  Probe  
  115  8:57  Pylon  
  115  8:59  Pylon  
  115  9:02  Disruptor  
  118  9:03  Pylon  
  118  9:08  Gateway x2  
  121  9:20  Forge, Adept  
  121  9:21  Adept  
  125  9:28  Gateway  
  125  9:37  Stalker  
  125  9:38  Adept x3  
  132  9:44  Adept x2  
  126  9:59  Adept  
  123  10:00  Adept  
  123  10:03  Probe  
  123  10:04  Probe  
  127  10:08  Disruptor  
  127  10:09  Probe  
  127  10:10  Assimilator  
  127  10:11  Photon Cannon, Assimilator  
  127  10:12  Protoss Ground Weapons Level 1  
  127  10:13  Photon Cannon  
  131  10:16  Probe  
  131  10:17  Probe  
  133  10:24  Photon Cannon, Probe  
  133  10:28  Probe  
  135  10:29  Probe  
  136  10:40  Photon Cannon, Charge  
  136  10:43  Stalker x2  
  136  10:48  Probe x2  
  142  10:54  Stalker x2  
  146  10:57  Photon Cannon  
  146  11:08  Nexus  
  146  11:10  Disruptor  
  149  11:20  Pylon  
  149  11:21  Disruptor  
  149  11:24  Pylon  
  146  11:39  Observer  
  145  11:41  Adept x6  
  143  11:54  Observer  
  128  12:04  Stalker x5  
  128  12:05  Probe  
  137  12:10  Disruptor  
  137  12:13  Photon Cannon  
  137  12:14  Probe  
  137  12:15  Disruptor  
  141  12:21  Probe  
  141  12:22  Stalker  
  143  12:26  Probe  
  143  12:27  Stalker  
  140  12:39  Photon Cannon  
  140  12:41  Probe  
  140  12:43  Probe  
  142  12:45  Probe  
  142  12:46  Probe  
  142  12:50  Disruptor  
  147  12:56  Probe  
  148  13:01  Probe  
  148  13:03  Probe  
  148  13:05  Photon Cannon  
  148  13:10  Probe  
  149  13:12  Templar Archives  
  149  13:19  Stalker x3  
  155  13:25  Stalker  
  157  13:33  Stalker x2  
  159  13:39  Stalker  
  161  13:43  Probe  
  162  13:55  Observer  
  162  13:57  High Templar x3  
  162  13:58  High Templar  
  162  13:59  Stalker x2  
  162  14:00  Protoss Ground Weapons Level 2  
  162  14:02  Photon Cannon, Archon  
  173  14:03  Archon  
  173  14:12  Pylon  
  173  14:15  Pylon  
  172  14:35  Pylon  
  172  14:39  High Templar x4  
  172  14:44  Archon x2  
  178  14:46  Nexus  
  178  14:57  Stalker x3  
  183  15:03  Observer  
  181  15:09  Probe  
  178  15:17  Stalker x3  
  178  15:18  Stalker  
  166  15:26  Stalker x3  
  166  15:28  Probe  
  153  15:31  Warp Prism  
  153  15:35  Probe  
  154  15:36  Probe  
  154  15:37  Pylon  
  154  15:38  Photon Cannon, Pylon  
  154  15:40  Probe  
  158  15:42  Stalker  
  160  15:55  Disruptor, Probe  
  161  16:00  Disruptor  
  161  16:01  Probe  
  161  16:02  Probe  
  161  16:04  Photon Cannon  
  167  16:07  Photon Cannon  
  167  16:19  Photon Cannon, Assimilator  
  167  16:21  High Templar x3  
  167  16:22  High Templar, Assimilator  
  175  16:27  Archon x2  
  175  16:28  Disruptor  
  176  16:40  Stalker x2  
  176  16:42  Disruptor  
  182  16:57  Photon Cannon  
  182  17:01  Stalker x2  
  182  17:02  Photon Cannon, Stalker  
  188  17:12  Oracle  
  188  17:20  Stalker x4  
  183  18:07  Nexus  
  173  18:13  Observer  
  173  18:17  Disruptor  
  143  18:22  High Templar x2  
  142  18:34  Disruptor  
  132  18:35  Archon  
  132  18:36  Stalker x4  
  143  18:56  Stalker  
  145  19:07  Disruptor  
  146  19:10  Stalker  
  146  19:15  Stalker  
  150  19:26  Observer  
  150  19:27  High Templar x2  
  155  19:31  Archon  
  153  19:52  High Templar x2  
  155  19:59  Archon, Nexus  
  155  20:13  Stalker x4  
  163  20:18  Observer x2  
  163  20:49  Observer  
  161  20:50  Nexus  
  161  20:54  Oracle  
  164  21:02  Pylon  
  164  21:09  Stalker  
  166  21:39  Adept x3  
  172  21:41  Pylon  
  172  21:42  Observer x2  
  172  21:55  Stalker x2  
  176  22:01  Photon Cannon  
  176  22:12  Disruptor  
  179  22:21  Assimilator  
  179  22:25  Assimilator  
  179  22:27  Adept x2  
  179  22:29  Adept  
  180  22:39  Photon Cannon  
  180  22:54  Disruptor  
  183  23:01  Stalker  
  183  23:02  Stalker  
  186  23:15  Stalker  
Show
View Real Time Build Order
Export as new Build Order

Harstem Protoss - Winner!

Build Orders: Phoenix Opening, Zealot Archon 

Get SALT Encoding   

  12  0:00  Probe  
  13  0:12  Probe  
  14  0:17  Pylon  
  14  0:24  Probe  
  15  0:32  Probe  
  15  0:38  Gateway  
  15  0:40  Probe  
  17  0:50  Assimilator  
  17  0:51  Probe  
  17  0:55  Assimilator  
  18  1:00  Probe  
  19  1:07  Gateway  
  19  1:08  Probe  
  19  1:17  Probe  
  20  1:25  Cybernetics Core  
  21  1:29  Probe  
  22  1:34  Pylon  
  22  1:41  Probe  
  23  1:53  Warp Gate, Probe  
  24  2:02  Stalker  
  24  2:03  Sentry  
  24  2:06  Probe  
  29  2:16  Pylon  
  29  2:31  Stalker  
  31  2:41  Nexus  
  31  2:44  Probe  
  31  2:50  Stalker  
  32  2:56  Phoenix  
  34  3:01  Pylon, Probe  
  35  3:07  Sentry  
  35  3:12  Sentry  
  37  3:17  Probe  
  38  3:21  Robotics Facility  
  40  3:29  Shield Battery, Probe  
  41  3:37  Shield Battery  
  41  3:42  Probe  
  40  3:53  Stalker x2  
  40  3:54  Probe x2  
  46  4:04  Probe  
  46  4:05  Probe  
  47  4:13  Twilight Council, Probe x2  
  47  4:21  Probe x2  
  47  4:22  Forge  
  48  4:27  Stalker  
  52  4:32  Probe  
  52  4:33  Probe  
  54  4:39  Pylon  
  54  4:41  Protoss Ground Weapons Level 1  
  54  4:44  Probe  
  54  4:45  Probe  
  56  4:47  Assimilator  
  56  4:50  Assimilator, Charge  
  56  4:56  Probe  
  56  5:01  Probe  
  57  5:08  Probe  
  57  5:13  Probe  
  59  5:16  Gateway x2  
  59  5:20  Probe, Phoenix  
  64  5:21  Immortal  
  66  5:38  Gateway  
  66  5:40  Gateway  
  66  5:44  Templar Archives  
  66  5:45  Shield Battery  
  66  5:49  Zealot  
  66  5:50  Immortal, Pylon  
  66  5:52  Shield Battery  
  66  6:02  Pylon  
  70  6:15  Gateway, Probe  
  70  6:16  Gateway  
  71  6:22  High Templar  
  71  6:23  Zealot x2, High Templar  
  79  6:29  Pylon  
  79  6:30  Pylon, Archon  
  79  6:34  Pylon  
  79  6:38  Zealot  
  77  6:40  Zealot  
  77  6:42  Shield Battery  
  77  6:45  High Templar  
  77  6:46  High Templar  
  83  6:51  Archon  
  83  6:52  Warp Prism  
  83  6:58  Stalker  
  83  6:59  Stalker  
  89  7:15  Photon Cannon, High Templar  
  89  7:16  Zealot, High Templar  
  89  7:20  Archon  
  95  7:39  Nexus  
  95  7:43  High Templar x2  
  95  7:44  Zealot x3  
  105  7:47  Archon  
  105  7:48  Pylon  
  105  7:56  Stalker  
  105  7:57  Probe x2  
  105  8:00  Stalker  
  104  8:08  Protoss Ground Weapons Level 2  
  104  8:09  Probe  
  103  8:22  Probe  
  103  8:24  Probe  
  103  8:25  Pylon  
  104  8:34  Probe  
  104  8:36  Probe  
  104  8:37  High Templar x2  
  104  8:38  Zealot x2  
  113  8:41  Pylon  
  113  8:43  Archon  
  113  8:46  Probe  
  113  8:48  Probe  
  113  8:51  Probe  
  114  8:58  Photon Cannon  
  114  8:59  Photon Cannon  
  114  9:00  Probe  
  115  9:05  High Templar  
  115  9:06  Zealot, High Templar  
  115  9:09  Sentry  
  123  9:10  Archon, Zealot  
  125  9:18  Probe  
  125  9:19  Probe x2  
  125  9:21  Stargate  
  128  9:27  Probe x2  
  128  9:28  Probe, Assimilator  
  129  9:31  Assimilator  
  129  9:35  Probe x2  
  131  9:45  Zealot x4  
  141  9:50  Stargate  
  141  9:57  Probe x2  
  141  9:58  Probe  
  136  10:00  Phoenix  
  132  10:09  Probe  
  132  10:11  Pylon  
  132  10:14  Dark Shrine  
  135  10:20  Pylon  
  135  10:22  Protoss Air Weapons Level 1, Pylon  
  135  10:24  Phoenix  
  137  10:28  Protoss Ground Weapons Level 3  
  137  10:29  Phoenix  
  137  10:34  Nexus  
  137  10:36  Pylon  
  139  10:47  Phoenix  
  139  10:49  Phoenix  
  141  10:53  Probe x2  
  145  11:05  Probe  
  145  11:06  Phoenix  
  146  11:12  Probe  
  146  11:13  Probe  
  146  11:14  Phoenix  
  148  11:25  Zealot  
  148  11:26  Zealot  
  148  11:27  Phoenix  
  150  11:35  Immortal, Zealot x3  
  150  11:36  Dark Templar x3  
  150  11:39  Photon Cannon, Probe  
  141  11:56  Probe  
  141  11:58  Probe  
  141  11:59  Robotics Facility  
  137  12:02  Phoenix  
  137  12:05  Zealot x3, High Templar x2  
  137  12:07  Immortal  
  143  12:10  Phoenix  
  143  12:11  Archon  
  151  12:25  Phoenix  
  153  12:32  Zealot x6  
  153  12:35  Phoenix  
  153  12:36  Immortal, Pylon  
  167  12:44  Observer  
  167  12:47  Dark Templar x2  
  176  12:53  Zealot x3  
  182  13:02  Oracle  
  183  13:13  Probe x2  
  183  13:14  Fleet Beacon  
  183  13:17  Pylon  
  185  13:24  Warp Prism  
  185  13:25  Archon  
  187  13:34  Zealot x2  
  187  13:35  Zealot x4  
  193  13:57  Mothership  
  193  14:01  Oracle  
  199  14:18  Robotics Bay  
  199  14:26  Pylon  
  199  14:27  Robotics Facility  
  193  15:04  Dark Templar x3  
  195  15:19  Immortal, Disruptor  
  195  15:21  Phoenix x2  
  147  15:30  Disruptor  
  147  15:33  Zealot x5  
  158  15:37  Probe x2  
  158  15:39  Photon Cannon  
  158  15:41  Photon Cannon  
  158  15:43  Gateway, Disruptor  
  158  15:44  Gateway  
  158  15:45  Gateway x3  
  158  15:46  Gateway  
  158  15:47  Gateway x2, Assimilator  
  158  15:48  Assimilator  
  158  15:50  Gateway, Zealot, Dark Templar x2  
  158  15:51  Gateway  
  165  16:01  Immortal  
  165  16:02  Archon  
  163  16:11  Immortal  
  163  16:12  Warp Prism  
  163  16:16  Zealot x3  
  163  16:17  Zealot x3  
  185  16:38  Protoss Air Weapons Level 2  
  179  17:07  Zealot x3, Dark Templar x2  
  179  17:08  Zealot x5  
  193  17:18  Disruptor  
  191  17:27  Disruptor  
  197  17:33  Dark Templar  
  151  17:51  Probe  
  151  17:52  Zealot x5  
  151  17:53  Zealot x8  
  151  17:54  Zealot x3  
  170  18:00  Immortal x2  
  175  18:06  Probe  
  175  18:11  Nexus  
  160  18:21  Zealot x3, Dark Templar x2  
  160  18:23  Nexus  
  170  18:32  Photon Cannon  
  168  18:46  Pylon  
  168  18:54  Pylon  
  160  19:16  High Templar x3  
  166  19:17  High Templar  
  168  19:24  Archon x2  
  168  20:05  Phoenix x2  
  168  20:06  Nexus  
  172  20:24  Pylon  
  172  20:28  Oracle, Phoenix  
  170  20:31  Dark Templar x2  
  175  20:49  Phoenix  
  177  21:05  Phoenix  
  177  21:06  Phoenix  
  179  21:14  Assimilator  
  181  21:30  Phoenix  
  181  21:31  Phoenix, Assimilator  
  178  21:53  Phoenix  
  174  21:55  Phoenix  
  178  22:01  Zealot x3  
  178  22:02  Zealot x7  
  195  22:11  Phoenix  
  195  22:18  Stargate  
  195  22:19  Photon Cannon  
  195  22:20  Phoenix, Assimilator  
  195  22:22  Photon Cannon  
  199  22:24  Shield Battery  
  199  22:27  Photon Cannon  
  189  22:37  Phoenix  
  189  22:50  Phoenix  
  181  23:02  Phoenix  
  181  23:03  Zealot x7  
  181  23:04  Zealot x5  
  179  23:41  Zealot x3  
  179  23:42  Zealot x9  
Tags
 
Add a new tag
Caveats
  • Supply blocks, unpowered buildings, or Contaminate may cause inaccurate times.
  • Supply counts are checked every 10 seconds.